 Dungeon Sprint DCSS version 0.17-a0-1718-g72dbe4d (webtiles) character file.

32 Kidiri the Sneak (level 3, 0/16 HPs)
             Began as a Spriggan Enchanter on Aug 26, 2015.
             Slain by a human (2 damage)
             ... in the Dungeon (Sprint III: "The Ten Rune Challenge").
             The game lasted 00:02:03 (768 turns).

Kidiri the Sneak (Spriggan Enchanter)                Turns: 768, Time: 00:02:03

Health: 0/16       AC:  3    Str:  4    XL:     3   Next: 8%
Magic:  4/10       EV: 21    Int: 16    God:
Gold:   0          SH:  0    Dex: 17    Spells: 4 memorised, 2 levels left

rFire  . . .     SeeInvis +     a - +1 dagger
rCold  . . .     Clarity  .     b - +1 robe
rNeg   . . .     SustAt   .     (shield restricted)
rPois  .         Gourm    .     (helmet restricted)
rElec  .         Spirit   .     (no cloak)
rCorr  .         Warding  .     (gloves unavailable)
rMut   .         NoTele   +     (boots unavailable)
MR     .....                    (no amulet)
Stlth  ++++......               (no ring)
                                (no ring)

@: very quick, not resistant to hostile enchantments, stealthy
A: unfitting armour, see invisible, herbivore 3, speed 3, slow metabolism 2
a: no special abilities


You were in the Dungeon.
You were not hungry.

You visited 1 branch

Inventory:

Hand weapons
 a - a +1 dagger (weapon)
Armour
 b - a +1 robe (worn)
Scrolls
 j - a scroll of blinking
Potions
 e - a potion of cure mutation {unknown}
 g - a potion of haste
 h - 2 potions of magic
Books
 c - a book of Maledictions

   Spells                             Type                      Level
   a - Corona                         Hexes                        1
   b - Ensorcelled Hibernation        Hexes/Ice                    2
   c - Confuse                        Hexes                        3
   d - Tukima's Dance                 Hexes                        3
   e - Dazzling Spray                 Conjuration/Hexes            3
Comestibles
 d - a bread ration


   Skills:
 + Level 2.4 Short Blades
 * Level 5.3 Dodging
 * Level 6.5 Stealth
 * Level 4.5 Spellcasting
 + Level 4.4 Hexes
 + Level 0.0 Ice Magic


You had 2 spell levels left.
You knew the following spells:

 Your Spells              Type           Power        Failure   Level  Hunger
a - Corona                Hex            ###....      2%          1    None
b - Ensorcelled Hibernat  Hex/Ice        ##....       12%         2    ##.....
c - Confuse               Hex            ###.....     10%         3    ###....
d - Tukima's Dance        Hex            ###.....     10%         3    ###....


Dungeon Overview and Level Annotations

Branches:
Dungeon (1/1)

Altars:


Innate Abilities, Weirdness & Mutations

You are tiny and cannot use many weapons and most armour.
You have supernaturally acute eyesight.
You are a herbivore.
You cover ground extremely quickly.
You need consume almost no food.


Message History

The human is moderately wounded.
The human closely misses you.
You hit the human.
The human is moderately wounded.
You completely miss the human.
The human is moderately wounded.
The human completely misses you.
You barely miss the human.
The human is moderately wounded.
The human completely misses you.
You hit the human.
The human is heavily wounded.
The human closely misses you.
You miss the human.
The human is heavily wounded.
The human completely misses you.
You barely miss the human.
The human is heavily wounded.
The human hits you.
You die...

▓....=#....≈.♣♣♣♣.#
▓...[.#...≈≈..♣.♣.#
▓.....#..≈≈≈≈.♣...+
▓####'#..≈≈≈≈≈≈.♣.#
▓)....#.≈≈≈≈≈≈....#
▓.....#.≈≈≈≈≈.....#
▓.....#.≈≈≈.......#
▓'#####...........#
▓..@p.............#
▓▓▓▓▓▓▓▓▓▓▓▓▓▓▓▓▓▓▓


You could see a human.

Vanquished Creatures
  Jessica (D)
  An ooze (D)
  2 rats (D)
4 creatures vanquished.

Vanquished Creatures (others)
  2 draconian scorchers (D)
  A yaktaur (D)
3 creatures vanquished.

Grand Total: 7 creatures vanquished

Notes
Turn   | Place    | Note
--------------------------------------------------------------
     0 | D        | Kidiri the Spriggan Enchanter began the quest for the Orb.
     0 | D        | Reached XP level 1. HP: 9/9 MP: 5/5
    18 | D        | Reached skill level 5 in Stealth
   158 | D        | Killed a white draconian scorcher
   170 | D        | Killed a white draconian scorcher
   184 | D        | Noticed Jessica
   197 | D        | Killed Jessica
   197 | D        | Reached skill level 5 in Dodging
   197 | D        | Reached skill level 6 in Stealth
   197 | D        | Reached XP level 2. HP: 1/13 MP: 4/8
   197 | D        | Reached XP level 3. HP: 1/16 MP: 5/10
   237 | D        | Killed a yaktaur
   484 | D        | Learned a level 2 spell: Ensorcelled Hibernation
   488 | D        | Learned a level 3 spell: Confuse
   492 | D        | Learned a level 3 spell: Tukima's Dance
   768 | D        | Slain by a human

Vault maps used:
D:        dungeon_sprint_mu

Action                   || total
-------------------------++-------
Melee: Dagger            ||    49
 Cast: Corona            ||     1
       Ensorcelled Hiber ||     7
  Use: Potion            ||     3
 Stab: Sleeping          ||     1
